 Dungeon Crawl Stone Soup version 0.29.1-2-gbd0b4ee654 (webtiles) character file.

Game seed: 17529248081917688838

5 NinjaNoafa the Caller (level 1, 0/7 HPs)
             Began as a Felid Summoner on Nov 24, 2022.
             Slain by a rat (2 damage)
             ... on level 1 of the Dungeon.
             The game lasted 00:05:07 (191 turns).

NinjaNoafa the Caller (Felid Summoner)               Turns: 191, Time: 00:05:08

Health: 0/7        AC:  1    Str:  4    XL:     1   Next: 66%
Magic:  4/4        EV: 17    Int: 16    God:
Gold:   0          SH:  0    Dex: 16    Spells: 3/4 levels left
                                        Lives:  0   Deaths: 0

rFire   . . .      SeeInvis +   (weapon unavailable)
rCold   . . .      Faith    .   (shield unavailable)
rNeg    . . .      Spirit   .   (body armour unavailable)
rPois   .          Reflect  .   (helmet unavailable)
rElec   .          Harm     .   (cloak unavailable)
rCorr   .          Rampage  .   (gloves unavailable)
Will    .....                   (boots unavailable)
Stlth   ++........              (no amulet)
HPRegen 0.02/turn               (no ring)
MPRegen 0.09/turn               (no ring)

@: quick
A: very small, claws 1, fangs 3, see invisible, speed 1, shaggy fur 1, stealthy
paws, no weapons or thrown items, no armour, multi-lived
a: no special abilities


You were on level 1 of the Dungeon.
You visited 1 branch of the dungeon, and saw 1 of its levels.

Inventory:

Potions
 a - a potion of magic


   Skills:
 - Level 2.6 Dodging
 - Level 2.6 Stealth
 + Level 2.2 Spellcasting
 + Level 4.1 Summonings


You had 3 spell levels left.
You knew the following spells:

 Your Spells              Type           Power      Damage    Failure   Level
a - Summon Small Mammal   Summ           60%        N/A       3%          1

Your spell library contained the following spells:

 Spells                   Type           Power      Damage    Failure   Level
 Call Imp                 Summ           15%        N/A       5%          2
 Call Canine Familiar     Summ           15%        N/A       11%         3
 Summon Guardian Golem    Hex/Summ       8%         N/A       26%         3
 Summon Lightning Spire   Summ/Air       8%         N/A       65%         4


Dungeon Overview and Level Annotations

Branches:
Dungeon (1/15)

Altars:


Innate Abilities, Weirdness & Mutations

You have sharp claws.
You have razor-sharp teeth.
You have supernaturally acute eyesight. (SInv)
You cover ground quickly. (Speed+)
You are covered in fur. (AC +1)
Your paws help you pounce on unaware monsters.
You are incapable of wielding weapons or throwing items.
You cannot wear armour.
You gain extra lives every three experience levels.


Message History

The endoplasm quivers.
Your bat hits the endoplasm but does no damage.
The endoplasm misses your quokka.
Your magical contamination has completely faded away.
Your quokka bites the endoplasm.
The endoplasm dies!
Your quokka disappears in a puff of smoke!
You open the door.
A rat comes into view.
Your bat hits the rat. The rat barely misses your bat.
Your bat hits the rat.
The rat dies!
Okay, then.
Your bat disappears in a puff of smoke!
You open the door.
A rat comes into view.
The rat barely misses your quokka.
A rat is nearby!
Your quokka closely misses the rat.
The rat bites your quokka but does no damage.
Your quokka misses the rat.
The rat bites your quokka but does no damage.
Your quokka barely misses the rat.
The rat barely misses your quokka.
Your quokka closely misses the rat.
Your quokka barely misses the rat.
The rat closely misses your quokka.
Your quokka bites the rat.
The rat barely misses your quokka.
Your quokka barely misses the rat.
The rat closely misses your quokka.
Your quokka bites the rat but does no damage.
The rat barely misses your quokka.
Your quokka bites the rat but does no damage.
You swap places.
Found a club.
The rat bites you.
There is an open door here.
You scratch the rat but do no damage.
The rat is moderately wounded.
The rat bites you.
* * * LOW HITPOINT WARNING * * *
You barely miss the rat.
The rat is moderately wounded.
The rat bites you.
You die...

..........#.#.#
###..###..#.#.#
..##...........#.#
.........##..#.#.#
+#+#+#'#.##..#.#.#
#.#.....#.#.####
#####.............
#r#†#.............
#+#+#+#@#'#.##....#.....
.......r........>.......
.##..##.#..###.#..#.####
+.. #.##.# #....#.# #)
#.##.# #.#..#.. # #.##.#
..#..#.## ..##.# .# #
...... ......


You could see a rat (ally target) and a friendly quokka (summoned).

Vanquished Creatures
  A rat (D:1)
1 creature vanquished.

Vanquished Creatures (collateral kills)
  A bat (D:1)
  2 endoplasms (D:1)
  A rat (D:1)
4 creatures vanquished.

Grand Total: 5 creatures vanquished

Notes
Turn   | Place    | Note
-------+----------+-------------------------------------------
     0 | D:1      | NinjaNoafa the Felid Summoner began the quest for the Orb.
     0 | D:1      | Reached XP level 1. HP: 7/7 MP: 4/4
   191 | D:1      | Slain by a rat

Illustrated notes

Levels and vault maps discovered:
D:1:      heliophobic_arrival_battle_scene, layout_basic, serial_shops,
          nicolae_shop_waterfront, minmay_rat_gold_closets

Action                   || total
-------------------------++-------
Melee: Unarmed           ||     3
 Cast: Summon Small Mamm ||     9
Armor: Skin              ||     1
Dodge: Dodged            ||     7
